3AAA
SYLVANIA MAPLE LEAVES @ HIALEAH DODOS
08/26/2019
 
TOP OF THE 1ST
Sylvania Maple Leaves batting - Pitching for Hialeah Dodos : RHP Júlio Palma
Pitching: RHP Júlio Palma
Batting: RHB Kenny Norton 0-0: Ball
1-0: Ball
2-0: Ball
3-0: Called Strike
3-1: Base on Balls
Batting: SHB Ken Osborne 0-0: Ball
1-0: Ball
2-0: Called Strike
2-1: Foul Ball, location: 2F
2-2: Ball
3-2: Foul Ball, location: 2F
3-2: SINGLE (Groundball, 34)
Kenny Norton to second
Kenny Norton to third
Batting: RHB Anthony Johnston 0-0: Called Strike
0-1: Foul Ball, location: 2F
0-2: Ball
1-2: Ball
2-2: Ball
3-2: Strikes out swinging
Batting: RHB Casey Washington 0-0: Called Strike
0-1: Swinging Strike
0-2: Ball
1-2: Strikes out looking
Batting: RHB Bernardo Márquez 0-0: Swinging Strike
0-1: Called Strike
0-2: Strikes out swinging
Top of the 1st over - 0 run(s), 1 hit(s), 0 error(s), 2 left on base; Sylvania 0 - Hialeah 0
BOTTOM OF THE 1ST
Hialeah Dodos batting - Pitching for Sylvania Maple Leaves : LHP Ron O'Slattery
Pitching: LHP Ron O'Slattery
Batting: RHB Herman Cook 0-0: Called Strike
0-1: Ground out 5-3 (Groundball, 56)
Batting: RHB Peter Baker 0-0: Fly out, F9 (Line Drive, 89M)
Batting: RHB Ji-chol Yang 0-0: Ball
1-0: Ball
2-0: SINGLE (Line Drive, 8RS)
Batting: RHB Joe Andrews 0-0: Swinging Strike
0-1: Ball
1-1: Called Strike
1-2: Foul Ball, location: 2F
1-2: Strikes out swinging
Bottom of the 1st over - 0 run(s), 1 hit(s), 0 error(s), 1 left on base; Sylvania 0 - Hialeah 0
TOP OF THE 2ND
Sylvania Maple Leaves batting - Pitching for Hialeah Dodos : RHP Júlio Palma
Batting: RHB Ingo van Ham 0-0: Ball
1-0: Foul Ball, location: 2F
1-1: Ball
2-1: Foul Ball, location: 2F
2-2: Strikes out swinging
Batting: SHB Curt Bryant 0-0: Ball
1-0: Swinging Strike
1-1: Swinging Strike
1-2: Ball
2-2: Strikes out swinging
Batting: RHB Dustin Walker 0-0: Foul Ball, location: 2F
0-1: Ball
1-1: Foul Ball, location: 2F
1-2: Foul Ball, location: 2F
1-2: Fly out, F3 (Popup, 4MD)
Top of the 2nd over - 0 run(s), 0 hit(s), 0 error(s), 0 left on base; Sylvania 0 - Hialeah 0
BOTTOM OF THE 2ND
Hialeah Dodos batting - Pitching for Sylvania Maple Leaves : LHP Ron O'Slattery
Batting: RHB Ramón Gómez 0-0: Swinging Strike
0-1: Ball
1-1: Swinging Strike
1-2: Strikes out looking
Batting: LHB Bill Griffin 0-0: Called Strike
0-1: Ball
1-1: Called Strike
1-2: Ball
2-2: Ball
3-2: Base on Balls
Batting: RHB Alvin Rogers 0-0: Called Strike
0-1: Swinging Strike
0-2: Ball
1-2: Fly out, F8 (Flyball, 8LS)
Batting: RHB Kelly Flint 0-0: Ground out 6-3 (Groundball, 6)
Bottom of the 2nd over - 0 run(s), 0 hit(s), 0 error(s), 1 left on base; Sylvania 0 - Hialeah 0
TOP OF THE 3RD
Sylvania Maple Leaves batting - Pitching for Hialeah Dodos : RHP Júlio Palma
Batting: RHB Fernando Díaz 0-0: SOLO HOME RUN (Flyball, 78XD), Distance : 434 ft
Batting: RHB Kenny Norton 0-0: Ground out 3-1 (Groundball, 34)
Batting: SHB Ken Osborne 0-0: Ball
1-0: Ground out 4-3 (Groundball, 4MS)
Batting: RHB Anthony Johnston 0-0: Ball
1-0: Ball
2-0: Called Strike
2-1: Ball
3-1: Called Strike
3-2: Strikes out swinging
Top of the 3rd over - 1 run(s), 1 hit(s), 0 error(s), 0 left on base; Sylvania 1 - Hialeah 0
BOTTOM OF THE 3RD
Hialeah Dodos batting - Pitching for Sylvania Maple Leaves : LHP Ron O'Slattery
Batting: LHB Jeremiah Spencer 0-0: Called Strike
0-1: Swinging Strike
0-2: Ball
1-2: Ball
2-2: Ball
3-2: SINGLE (Groundball, 34D)
Batting: RHB Herman Cook 0-0: Ball
Wild Pitch!
Jeremiah Spencer to second
1-0: Called Strike
1-1: Called Strike
1-2: 2-RUN HOME RUN (Line Drive, 78XD), Distance : 422 ft
Batting: RHB Peter Baker 0-0: Ball
1-0: Foul Ball, location: 2F
1-1: Swinging Strike
1-2: Ball
2-2: Ground out 5-3 (Groundball, 5S)
Batting: RHB Ji-chol Yang 0-0: Ball
1-0: Ball
2-0: Foul Ball, location: 2F
2-1: Ball
3-1: Base on Balls
Batting: RHB Joe Andrews 0-0: SINGLE (Groundball, 6MD)
Ji-chol Yang to second
Batting: RHB Ramón Gómez 0-0: Swinging Strike
0-1: Swinging Strike
0-2: SINGLE (Line Drive, 56D)
Ji-chol Yang to third
Joe Andrews to second
Batting: LHB Bill Griffin 0-0: Foul Ball, location: 2F
0-1: Swinging Strike
0-2: Ball
1-2: Strikes out swinging
Batting: RHB Alvin Rogers 0-0: Called Strike
0-1: Ball
1-1: Called Strike
1-2: Strikes out looking
Bottom of the 3rd over - 2 run(s), 4 hit(s), 0 error(s), 3 left on base; Sylvania 1 - Hialeah 2
TOP OF THE 4TH
Sylvania Maple Leaves batting - Pitching for Hialeah Dodos : RHP Júlio Palma
Batting: RHB Casey Washington 0-0: Foul Ball, location: 2F
0-1: Ball
1-1: Foul Ball, location: 2F
1-2: Ball
2-2: Foul Ball, location: 2F
2-2: Foul Ball, location: 2F
2-2: Strikes out swinging
Batting: RHB Bernardo Márquez 0-0: Foul Ball, location: 2F
0-1: Ball
1-1: Ball
2-1: SINGLE (Line Drive, 89S)
Batting: RHB Ingo van Ham 0-0: Called Strike
0-1: Ball
1-1: Called Strike
1-2: Foul Ball, location: 2F
1-2: Strikes out looking
Batting: SHB Curt Bryant 0-0: Ball
1-0: Ball
2-0: Fly out, F9 (Popup, 34D)
Top of the 4th over - 0 run(s), 1 hit(s), 0 error(s), 1 left on base; Sylvania 1 - Hialeah 2
BOTTOM OF THE 4TH
Hialeah Dodos batting - Pitching for Sylvania Maple Leaves : LHP Ron O'Slattery
Batting: RHB Kelly Flint 0-0: Ball
1-0: Foul Ball, location: 2F
1-1: Ball
2-1: Ball
3-1: Base on Balls
Batting: LHB Jeremiah Spencer 0-0: Ball
1-0: Called Strike
1-1: Foul Ball, location: 2F
1-2: Ball
2-2: SINGLE (Flyball, 6MD)
Kelly Flint to second
Batting: RHB Herman Cook 0-0: SINGLE (Groundball, 25) (infield hit)
Kelly Flint to third
Jeremiah Spencer to second
Batting: RHB Peter Baker 0-0: Fielders Choice at 3rd, U5 (Groundball, 5L)
Kelly Flint scores
Herman Cook to second
Batting: RHB Ji-chol Yang 0-0: Ball
1-0: Called Strike
1-1: Swinging Strike
1-2: Foul Ball, location: 2F
1-2: Strikes out swinging
Batting: RHB Joe Andrews 0-0: Ball
1-0: Ball
2-0: Ball
3-0: Base on Balls
Herman Cook to third
Peter Baker to second
Batting: RHB Ramón Gómez 0-0: Called Strike
0-1: Ball
1-1: SINGLE (Groundball, 56)
Herman Cook scores
Peter Baker to third
Joe Andrews to second
Runner from 3rd tries for Home, SAFE, throw made home
Joe Andrews to third
Ramón Gómez to second
Pitching: RHP Paul Nance
Batting: LHB Bill Griffin 0-0: Called Strike
0-1: Fly out, F4 (Popup, 34)
Bottom of the 4th over - 3 run(s), 3 hit(s), 0 error(s), 2 left on base; Sylvania 1 - Hialeah 5
TOP OF THE 5TH
Sylvania Maple Leaves batting - Pitching for Hialeah Dodos : RHP Júlio Palma
Batting: RHB Dustin Walker 0-0: Ball
1-0: Fly out, F9 (Flyball, 9LM)
Batting: RHB Fernando Díaz 0-0: Ball
1-0: Ball
2-0: Fly out, F8 (Flyball, 8LM)
Batting: RHB Kenny Norton 0-0: SINGLE (Line Drive, 56)
Batting: SHB Ken Osborne 0-0: Fly out, F7 (Flyball, 7LM)
Top of the 5th over - 0 run(s), 1 hit(s), 0 error(s), 1 left on base; Sylvania 1 - Hialeah 5
BOTTOM OF THE 5TH
Hialeah Dodos batting - Pitching for Sylvania Maple Leaves : RHP Paul Nance
Batting: RHB Alvin Rogers 0-0: Ground out 5-3 (Groundball, 5L)
Batting: RHB Kelly Flint 0-0: Called Strike
0-1: Ground out 6-3 (Groundball, 6MS)
Batting: LHB Jeremiah Spencer 0-0: Ball
1-0: Ball
2-0: Swinging Strike
2-1: Swinging Strike
2-2: Foul Ball, location: 2F
2-2: Ball
3-2: Foul Ball, location: 2F
3-2: Base on Balls
Batting: RHB Herman Cook 0-0: Fly out, F9 (Flyball, 9LMF)
Bottom of the 5th over - 0 run(s), 0 hit(s), 0 error(s), 1 left on base; Sylvania 1 - Hialeah 5
TOP OF THE 6TH
Sylvania Maple Leaves batting - Pitching for Hialeah Dodos : RHP Júlio Palma
Batting: RHB Anthony Johnston 0-0: Fly out, F8 (Flyball, 8LM)
Batting: RHB Casey Washington 0-0: Ball
1-0: Called Strike
1-1: Ball
2-1: Called Strike
2-2: SOLO HOME RUN (Flyball, 8RXD), Distance : 438 ft
Batting: RHB Bernardo Márquez 0-0: Called Strike
0-1: Fly out, F7 (Flyball, 78S)
Batting: RHB Ingo van Ham 0-0: Called Strike
0-1: Ball
1-1: Ball
2-1: Foul Ball, location: 2F
2-2: Foul Ball, location: 2F
2-2: SINGLE (Groundball, 15S) (infield hit)
Batting: SHB Curt Bryant 0-0: Ball
1-0: Swinging Strike
1-1: Foul Ball, location: 2F
1-2: Foul Ball, location: 2F
1-2: Ball
2-2: Strikes out swinging
Top of the 6th over - 1 run(s), 2 hit(s), 0 error(s), 1 left on base; Sylvania 2 - Hialeah 5
BOTTOM OF THE 6TH
Hialeah Dodos batting - Pitching for Sylvania Maple Leaves : RHP Paul Nance
Batting: RHB Peter Baker 0-0: Ball
1-0: Called Strike
1-1: Foul Ball, location: 2F
1-2: Ball
2-2: Ground out 6-3 (Groundball, 6)
Batting: RHB Ji-chol Yang 0-0: Ball
1-0: Ball
2-0: Called Strike
2-1: Ball
3-1: Base on Balls
Batting: RHB Joe Andrews 0-0: Ball
1-0: Called Strike
1-1: Ball
2-1: Foul Ball, location: 2F
2-2: Ball
3-2: Base on Balls
Ji-chol Yang to second
Batting: RHB Ramón Gómez 0-0: Foul Ball, location: 2F
0-1: Swinging Strike
0-2: Strikes out swinging
Batting: LHB Bill Griffin 0-0: Ball
1-0: Ball
2-0: Called Strike
2-1: Ball
3-1: Base on Balls
Ji-chol Yang to third
Joe Andrews to second
Batting: RHB Alvin Rogers 0-0: Called Strike
0-1: Called Strike
0-2: Ball
1-2: Ball
2-2: Strikes out swinging
Bottom of the 6th over - 0 run(s), 0 hit(s), 0 error(s), 3 left on base; Sylvania 2 - Hialeah 5
TOP OF THE 7TH
Sylvania Maple Leaves batting - Pitching for Hialeah Dodos : RHP Júlio Palma
Batting: RHB Dustin Walker 0-0: Called Strike
0-1: Ball
1-1: Foul Ball, location: 2F
1-2: Ball
2-2: SINGLE (Flyball, 8LS)
Batting: RHB Fernando Díaz 0-0: Ball
1-0: Swinging Strike
1-1: Ball
2-1: Ball
3-1: Fly out, F9 (Line Drive, 89S)
Batting: RHB Kenny Norton 0-0: Ball
1-0: Reached on Error, E9 (Flyball, 89M)
Dustin Walker to second
Batting: SHB Ken Osborne 0-0: Ball
Dustin Walker steals 3rd base
1-0: Fly out, F7 (Flyball, 7M)
Runner from 3rd tags up, SCORES, no throw
Pitching: RHP Gary Williams
Batting: RHB Anthony Johnston 0-0: Ball
1-0: Swinging Strike
Kenny Norton steals 2nd base
1-1: Ball
2-1: Foul Ball, location: 2F
2-2: Strikes out swinging
Top of the 7th over - 1 run(s), 1 hit(s), 1 error(s), 1 left on base; Sylvania 3 - Hialeah 5
BOTTOM OF THE 7TH
Hialeah Dodos batting - Pitching for Sylvania Maple Leaves : RHP Paul Nance
Pitching: LHP Han Sawallisch
Batting: RHB Kelly Flint 0-0: Called Strike
0-1: Ball
1-1: Called Strike
1-2: Ground out 1-3 (Groundball, 13S)
Batting: LHB Jeremiah Spencer 0-0: Ball
1-0: Ball
2-0: SINGLE (Line Drive, 56D)
Batting: RHB Herman Cook 0-0: Swinging Strike
0-1: Fly out, F9 (Flyball, 9LMF)
Batting: RHB Peter Baker 0-0: Called Strike
0-1: Foul Ball, location: 2F
0-2: Foul Ball, location: 2F
0-2: Fielders Choice at 2nd, 5-4 (Groundball, 5)
Bottom of the 7th over - 0 run(s), 1 hit(s), 0 error(s), 0 left on base; Sylvania 3 - Hialeah 5
TOP OF THE 8TH
Sylvania Maple Leaves batting - Pitching for Hialeah Dodos : RHP Gary Williams
Now at 1B: José Bravo
Batting: RHB Casey Washington 0-0: Foul Ball, location: 2F
0-1: Called Strike
0-2: Ground out 5-3 (Groundball, 56S)
Batting: RHB Bernardo Márquez 0-0: Ball
1-0: Called Strike
1-1: Foul Ball, location: 2F
1-2: Strikes out swinging
Batting: RHB Ingo van Ham 0-0: Ball
1-0: Ball
2-0: Ground out 4-3 (Groundball, 4)
Top of the 8th over - 0 run(s), 0 hit(s), 0 error(s), 0 left on base; Sylvania 3 - Hialeah 5
BOTTOM OF THE 8TH
Hialeah Dodos batting - Pitching for Sylvania Maple Leaves : LHP Han Sawallisch
Batting: RHB Ji-chol Yang 0-0: Foul Ball, location: 2F
0-1: Ball
1-1: Ball
2-1: Swinging Strike
2-2: Foul Ball, location: 2F
2-2: Ground out 5-3 (Groundball, 5L)
Batting: RHB José Bravo 0-0: Called Strike
0-1: Ball
1-1: Foul Ball, location: 2F
1-2: Ball
2-2: Ground out 5-3 (Groundball, 56S)
Batting: RHB Ramón Gómez 0-0: Ball
1-0: SINGLE (Groundball, 4)
Batting: LHB Bill Griffin 0-0: Called Strike
0-1: SINGLE (Line Drive, 34)
Ramón Gómez to second
Runner from 2nd tries for 3rd, SAFE, no throw or cutoff
Batting: RHB Alvin Rogers 0-0: Ball
1-0: Ball
2-0: Swinging Strike
2-1: Ball
3-1: Foul Ball, location: 2F
3-2: Strikes out swinging
Bottom of the 8th over - 0 run(s), 2 hit(s), 0 error(s), 2 left on base; Sylvania 3 - Hialeah 5
TOP OF THE 9TH
Sylvania Maple Leaves batting - Pitching for Hialeah Dodos : RHP Gary Williams
Pitching: RHP Robinson Gonzáles
Batting: SHB Curt Bryant 0-0: Called Strike
0-1: Ball
1-1: Ball
2-1: Swinging Strike
2-2: Ball
3-2: Base on Balls
Pinch Hitting: RHB Melvin Baldwin 0-0: Called Strike
0-1: Ball
1-1: DOUBLE (Line Drive, 78M)
Curt Bryant to third
Runner from 3rd tries for Home, SAFE, no throw or cutoff
Pinch Hitting: RHB Mike Neal 0-0: Ground out 5-3 (Groundball, 5S)
Melvin Baldwin to third
Pinch Hitting: LHB Jim Unknown 0-0: Ball
1-0: Fly out, F7 (Flyball, 78M)
Runner from 3rd tags up, SCORES, throw made
Pitching: RHP Brent Riley
Batting: SHB Ken Osborne 0-0: Fly out, F4 (Line Drive, 4M)
Top of the 9th over - 2 run(s), 1 hit(s), 0 error(s), 0 left on base; Sylvania 5 - Hialeah 5
BOTTOM OF THE 9TH
Hialeah Dodos batting - Pitching for Sylvania Maple Leaves : LHP Han Sawallisch
Pitching: LHP Roberto Bruno
Now at 1B: Mike Neal
Now at 2B: Melvin Baldwin
Now in RF: Jim Unknown
Batting: RHB Kelly Flint 0-0: Called Strike
0-1: Ground out 5-3 (Groundball, 5S)
Pinch Hitting: RHB Brian King 0-0: Called Strike
0-1: Fly out, F7 (Line Drive, 78S)
Batting: RHB Herman Cook 0-0: Ball
1-0: SOLO HOME RUN (Line Drive, 78XD), Distance : 427 ft
This league is powered by Out of the Park Baseball, the baseball management simulation game for PC, Mac and Linux
Saturday, July 25th, 2015 - OOTP Baseball 15.6 Build 34